Map: Pillars of Gold LE

Players

JinairRogue (Rogue)

  • Race: Zerg Zerg
  • Spawn Location: 7:00

Trap - Winner!

  • Race: Protoss Protoss
  • League: Master
  • Spawn Location: 1:00

Event: War Chest Team League

VOD

Have the link to the VOD?

Description

Time

  • Played on: July 31, 2020, 5:57 a.m.
  • Length: 7:18

All games in this series

Show
View Real Time Build Order
Export as new Build Order

JinairRogue Zerg 

Build Orders: Hatch First, Swarm Host 

Get SALT Encoding   

  12  0:00  Drone  
  13  0:12  Overlord  
  13  0:17  Drone  
  14  0:31  Drone  
  15  0:45  Hatchery  
  15  0:50  Drone  
  15  0:53  Drone  
  16  0:57  Drone  
  16  1:01  Drone  
  18  1:12  Extractor  
  18  1:18  Spawning Pool  
  16  1:22  Drone  
  16  1:25  Drone  
  18  1:33  Drone  
  19  1:44  Drone  
  20  1:54  Drone  
  21  2:02  Drone  
  21  2:05  Queen x2  
  21  2:06  Zergling x2  
  27  2:12  Overlord  
  27  2:16  Drone  
  27  2:19  Metabolic Boost  
  28  2:31  Drone  
  28  2:32  Drone  
  28  2:33  Overlord  
  30  2:41  Queen  
  32  2:44  Queen  
  32  2:49  Drone  
  32  2:50  Drone  
  36  2:54  Drone x2  
  38  3:01  Drone  
  38  3:03  Overlord  
  39  3:12  Drone  
  40  3:14  Drone x4  
  44  3:20  Lair  
  44  3:23  Extractor  
  44  3:25  Drone x2  
  44  3:26  Drone  
  46  3:29  Drone  
  46  3:33  Overlord  
  47  3:38  Drone  
  48  3:43  Drone  
  48  3:45  Extractor  
  48  3:48  Drone  
  49  3:51  Roach Warren, Drone x3  
  49  3:52  Drone x2  
  53  3:56  Drone x2  
  53  4:00  Extractor  
  53  4:01  Drone  
  55  4:06  Spine Crawler  
  55  4:07  Overlord  
  54  4:13  Drone  
  55  4:17  Spine Crawler  
  55  4:22  Overlord  
  55  4:23  Infestation Pit  
  53  4:25  Zergling x6  
  53  4:28  Drone  
  53  4:29  Drone  
  58  4:33  Nydus Network  
  57  4:47  Overseer  
  57  4:59  Swarm Host x4  
  72  5:01  Spine Crawler  
  72  5:02  Swarm Host  
  72  5:04  Swarm Host  
  72  5:05  Overlord  
  74  5:12  Queen, Overlord  
  74  5:13  Overlord  
  76  5:17  Nydus Canal  
  76  5:26  Drone x3  
  78  5:30  Spore Crawler  
  78  5:34  Zergling x2  
  78  5:35  Swarm Host  
  78  5:40  Overlord  
  81  5:44  Swarm Host x2  
  81  5:46  Zergling x2  
  88  6:00  Swarm Host x3  
  88  6:01  Zergling x6  
  89  6:09  Spine Crawler  
  77  6:15  Zergling x4  
  75  6:19  Zergling x2  
  75  6:23  Zergling x2  
  74  6:26  Zergling x2  
  74  6:30  Zergling x2  
  67  6:33  Zergling x2  
  67  6:36  Zergling x4  
  67  6:39  Zergling x4  
  67  6:43  Zergling x2  
  67  6:44  Zergling x2  
  66  6:47  Zergling x4  
  65  6:56  Zergling x4  
Show
View Real Time Build Order
Export as new Build Order

Trap Protoss - Winner!

Build Orders: 1 Gate Expand, Blink Stalkers 

Get SALT Encoding   

  12  0:00  Probe  
  13  0:14  Pylon  
  13  0:17  Probe (Chrono Boost)  
  14  0:27  Probe (Chrono Boost)  
  15  0:32  Probe (Chrono Boost)  
  16  0:41  Gateway  
  16  0:44  Probe  
  17  0:51  Assimilator  
  17  0:56  Probe  
  18  1:08  Probe  
  19  1:20  Probe  
  20  1:28  Nexus  
  20  1:37  Cybernetics Core  
  20  1:41  Probe  
  21  1:49  Assimilator  
  21  1:53  Probe  
  22  1:57  Pylon  
  22  2:05  Probe  
  23  2:12  Adept (Chrono Boost)  
  23  2:14  Warp Gate  
  25  2:17  Probe (Chrono Boost)  
  26  2:28  Twilight Council  
  26  2:29  Probe (Chrono Boost)  
  27  2:34  Probe (Chrono Boost)  
  28  2:40  Probe (Chrono Boost)  
  28  2:42  Stalker  
  31  2:49  Probe (Chrono Boost)  
  31  2:50  Probe (Chrono Boost)  
  33  2:54  Probe (Chrono Boost)  
  33  2:57  Probe  
  35  3:01  Robotics Facility  
  35  3:07  Probe  
  35  3:09  Probe  
  37  3:18  Gateway  
  37  3:19  Probe  
  38  3:20  Blink (Chrono Boost)  
  38  3:21  Probe  
  39  3:31  Probe  
  39  3:33  Probe  
  41  3:37  Adept  
  43  3:45  Gateway x2  
  43  3:51  Warp Prism (Chrono Boost)  
  45  3:57  Pylon  
  45  3:59  Probe  
  45  4:00  Assimilator  
  46  4:13  Gateway  
  46  4:14  Gateway  
  46  4:17  Gateway  
  46  4:22  Observer  
  47  4:27  Stalker x2  
  47  4:31  Probe x2  
  53  4:33  Pylon  
  53  4:37  Assimilator  
  53  4:41  Pylon  
  53  4:43  Observer  
  54  4:56  Stalker x3  
  54  4:59  Stalker  
  62  5:09  Pylon  
  62  5:11  Pylon  
  62  5:12  Stalker  
  62  5:13  Stalker  
  66  5:33  Stalker x4  
  74  5:40  Stalker x2  
  72  5:50  Probe x2  
  72  5:52  Pylon  
  70  6:16  Stalker x5  
  70  6:17  Stalker  
  72  6:35  Stalker  
  72  6:39  Stalker, Zealot  
  72  6:40  Zealot x4  
  72  6:45  Probe x2  
  70  6:59  Stalker  
  70  7:00  Stalker x3  
Tags
 
Add a new tag
Caveats
  • Supply blocks, unpowered buildings, or Contaminate may cause inaccurate times.
  • Supply counts are checked every 10 seconds.